 Dungeon Crawl Stone Soup version 0.27-a0-1177-g245c70e1c0 (webtiles) character file.

Game seed: 439321227569375845

324 MikuNakano the Skirmisher (level 6, -2/52 HPs)
             Began as a Vine Stalker Berserker on May 16, 2021.
             Was a Priest of Trog.
             Splashed by a jelly's acid (5 damage)
             ... on level 4 of the Dungeon.
             The game lasted 00:03:09 (2744 turns).

MikuNakano the Skirmisher (Vine Stalker Berserker)  Turns: 2744, Time: 00:03:09

Health: -2/52      AC:  0    Str: 22    XL:     6   Next: 48%
Magic:  0/7        EV:  6    Int:  7    God:    Trog [***...]
Gold:   159        SH:  0    Dex: 13    Spells: 5/5 levels left

rFire    . . .     SeeInvis .   a - +0 spear
rCold    . . .     Faith    .   (no shield)
rNeg     . . .     Spirit   +   e - +0 plate armour
rPois    .         Reflect  .   (no helmet)
rElec    .         Harm     .   (no cloak)
rCorr    .         Rampage  .   (no gloves)
Will     .....                  (no boots)
Stlth    ..........             (no amulet)
HPRegen  1.17/turn              (no ring)
MPRegen  0.10/turn              (no ring)

@: berserking, corroded, very quick
A: fangs 2, regeneration 1, magic shield, antimagic bite, no potion heal 2
a: Renounce Religion, Berserk, Trog's Hand


You were on level 4 of the Dungeon.
You worshipped Trog.
Trog was most pleased with you.
You visited 1 branch of the dungeon, and saw 4 of its levels.

You collected 159 gold pieces.

Inventory:

Hand Weapons
 a - a +0 spear (weapon)
Missiles
 g - 3 throwing nets
Armour
 e - a +0 plate armour (worn)
Jewellery
 f - a ring of ice
Wands
 i - a wand of charming (7)
Scrolls
 h - a scroll of amnesia {unknown}
 l - a scroll of enchant armour {unknown}
Potions
 b - 2 potions of might {unknown}
 c - a potion of mutation {unknown}
 d - a potion of flight {unknown}
 j - 2 potions of attraction {unknown}
 k - a potion of heal wounds {unknown}


   Skills:
 * Level 5.0 Fighting
 - Level 4.0 Polearms
 + Level 2.8 Armour
 - Level 1.5 Dodging


You had 5 spell levels left.
You didn't know any spells.
Your spell library was empty.

Dungeon Overview and Level Annotations

Branches:
Dungeon (4/15)
 Temple: D:4-7

Altars:
Dithmenos
Okawaru


Innate Abilities, Weirdness & Mutations

You have extremely sharp teeth.
Your natural rate of healing is unusually fast.
When hurt, damage is shared between your health and your magic reserves.
Your bite disrupts and absorbs the magic of your enemies.
Potions cannot restore your health.


Message History

You hit the jelly but do no damage. The acid corrodes you!
Your hands burn!
The jelly is heavily wounded.
The adder bites you. The jelly hits you. The acid corrodes you!
You are splashed with acid!
You are too injured to fight recklessly!
You are too injured to fight recklessly!
You are too injured to fight recklessly!
You are too injured to fight recklessly!
You are too injured to fight recklessly!
You are too injured to fight recklessly!
You are too injured to fight recklessly!
You are too injured to fight recklessly!
You are too injured to fight recklessly!
You are too injured to fight recklessly!
You are too injured to fight recklessly!
You are too injured to fight recklessly!
You are too injured to fight recklessly!
You are too injured to fight recklessly!
You are too injured to fight recklessly!
You are too injured to fight recklessly!
You are too injured to fight recklessly!
You are too injured to fight recklessly!
You are too injured to fight recklessly!
You are too injured to fight recklessly!
A red film seems to cover your vision as you go berserk!
You feel yourself moving faster!
You feel mighty! The adder bites you. The jelly hits you.
You are splashed with acid!
* * * LOW HITPOINT WARNING * * *
The adder bites you.
* * * LOW HITPOINT WARNING * * *
You hit the jelly.
Your hands burn!
* * * LOW HITPOINT WARNING * * *
You bite the jelly, but do no damage.
The jelly is heavily wounded.
The jelly hits you.
* * * LOW HITPOINT WARNING * * *
You are splashed with acid.
* * * LOW HITPOINT WARNING * * *
You hit the jelly.
Your hands burn!
You die...

.# #.. #.# #.#
##.### # #....
....###J.####..#
#.....S@........
#.######.####.. #.#
###.####..#
#.......... #.#
#.#######.# #.# #.#
##.# #.###### #...
#......############


You could see a jelly and an adder.

Vanquished Creatures
  Grinder (D:3)
  Robin (D:3)
  2 adders
  A gnoll (D:1)
  2 worms
  6 dart slugs
  3 ball pythons
  5 endoplasms
  3 giant cockroaches
  12 goblins
  7 hobgoblins
  11 jackals
  5 kobolds
  5 quokkas
  3 bats
  2 frilled lizards (D:1)
  9 rats
78 creatures vanquished.

Notes
Turn   | Place    | Note
-------+----------+-------------------------------------------
     0 | D:1      | MikuNakano the Vine Stalker Berserker began the quest for
                  | the Orb.
     0 | D:1      | Reached XP level 1. HP: 11/11 MP: 2/2
   142 | D:1      | Reached XP level 2. HP: 16/16 MP: 3/3
   167 | D:1      | Reached skill level 3 in Fighting
   402 | D:1      | Reached XP level 3. HP: 17/20 MP: 4/4
   939 | D:1      | Found a faded altar of an unknown god.
  1334 | D:2      | Reached ** piety under Trog
  1477 | D:2      | Gained mutation: Your natural rate of healing is unusually
                  | fast. [Vine Stalker growth]
  1477 | D:2      | Reached XP level 4. HP: 24/24 MP: 5/5
  1940 | D:3      | Noticed Robin
  1957 | D:3      | Killed Robin
  2076 | D:3      | Noticed Grinder
  2080 | D:3      | Paralysed by Grinder for 7 turns
  2092 | D:3      | Paralysed by Grinder for 3 turns
  2097 | D:3      | Killed Grinder
  2098 | D:3      | Reached skill level 4 in Fighting
  2098 | D:3      | Reached XP level 5. HP: 30/30 MP: 4/6
  2098 | D:3      | Reached XP level 6. HP: 35/35 MP: 4/7
  2370 | D:3      | Reached skill level 5 in Fighting
  2389 | D:3      | Found an iron altar of Okawaru.
  2401 | D:3      | Reached *** piety under Trog
  2465 | D:3      | Found a shadowy altar of Dithmenos.
  2744 | D:4      | Splashed by a jelly's acid

Illustrated notes

Levels and vault maps discovered:
D:1:      nicolae_arrival_memento_mori, layout_loops_ring,
          hellmonk_ecumenical_altar_zigzags, minmay_hedge_maze, moated_statue,
          chequers_hall_statues_y
D:2:      layout_basic, hangedman_decor_growths
D:3:      layout_loops_cross, lemuel_round_altar, overflow_temple_1_default,
          uniq_grinder, uniq_robin
D:4:      layout_loops_ring, led_sif_book, lemuel_coloured_pillars_altar

Skill      XL: |  1  2  3  4  5  6 |
---------------+-------------------+-----
Fighting       | 3 4 5 |  5.0
Polearms       | 3 4 |  4.0
Armour         | 2 |  2.8
Dodging        | |  1.5

Action                   |  1- 3 |  4- 6 || total
-------------------------+-------+-------++-------
Melee: Spear             |   125 |   118 ||   243
       Bite              |    25 |    31 ||    56
Invok: Berserk           |       |     3 ||     3
  Use: Scroll            |       |     2 ||     2
 Stab: Sleeping          |     1 |       ||     1
       Distracted        |       |     1 ||     1
Armor: Animal skin       |     4 |       ||     4
       Plate armour      |    34 |    38 ||    72
Dodge: Dodged            |    27 |    19 ||    46

Table legend: (Time is in decaauts)
 A = Elapsed time spent in this place.
 B = Non-inter-level travel time spent in this place.
 C = Inter-level travel time spent in this place.
 D = Time resting spent in this place.
 E = Time spent auto-exploring this place.
 F = Levels seen in this place.
 G = Mean time per level.
                   A        B        C        D        E       F      G
               +--------+--------+--------+--------+--------+-----+--------+
         Total |   2741 |   2656 |     85 |     70 |   2190 |   4 |  685.2 |
       Dungeon |   2741 |   2656 |     85 |     70 |   2190 |   4 |  685.2 |
               +--------+--------+--------+--------+--------+-----+--------+

Top non-repeatable levels by time:
     D:1: 1293 daAuts
     D:3: 740 daAuts
     D:2: 638 daAuts
     D:4: 70 daAuts
